 Dungeon Crawl Stone Soup version 0.25.0-9-g26727b657a (webtiles) character file.

Game seed: 8345766318573541357

3160 shadizar the Skirmisher (level 9, 0/63 HPs)
             Began as an Octopode Transmuter on June 21, 2020.
             Was a Priest of Okawaru.
             Slain by a yak (10 damage)
             ... on level 7 of the Dungeon.
             The game lasted 00:17:41 (10473 turns).

shadizar the Skirmisher (Octopode Transmuter)      Turns: 10473, Time: 00:17:42

Health: 0/63       AC:  1    Str: 12    XL:     9   Next: 94%
Magic:  14/15      EV: 15    Int: 16    God:    Okawaru [***...]
Gold:   379        SH:  0    Dex: 12    Spells: 12/16 levels left

rFire    . . .     SeeInvis .     - Unarmed
rCold    . . .     Gourm    .   (no shield)
rNeg     . . .     Faith    .   i - +0 hat
rPois    .         Spirit   .   (no amulet)
rElec    .         Reflect  .   (no ring)
rCorr    .         Harm     .   (no ring)
MR       .....                  (no ring)
Stlth    ++++......             (no ring)
HPRegen  0.20/turn              (no ring)
MPRegen  0.14/turn              (no ring)
                                (no ring)
                                (no ring)

@: appendage (expiring)
A: almost no armour, stealthy swim, amphibious, 8 rings, constrict 8, tentacle
spike 3, camouflage 1, gelatinous body 1
a: End Transformation, Heroism, Renounce Religion


You were on level 7 of the Dungeon.
You worshipped Okawaru.
Okawaru was most pleased with you.
You were not hungry.
One of your tentacles had a temporary spike.
You visited 2 branches of the dungeon, and saw 8 of its levels.

You collected 379 gold pieces.

Inventory:

Missiles
 a - 65 arrows
Armour
 i - a +0 hat (worn)
 A - a +0 kite shield
Magical Staves
 v - an uncursed staff of death {unknown}
Wands
 y - a wand of flame (38)
Scrolls
 b - 6 scrolls of remove curse {unknown}
 d - a scroll of fog {unknown}
 e - 4 scrolls of teleportation {unknown}
 f - 2 scrolls of immolation {unknown}
 j - 4 scrolls of enchant weapon {unknown}
 m - 3 scrolls of amnesia {unknown}
 n - 10 scrolls of identify {unknown}
 o - a scroll of enchant armour {unknown}
 q - a scroll of magic mapping {unknown}
 r - a scroll of fear {unknown}
 B - a scroll of torment {unknown}
 D - a scroll of blinking {unknown}
Potions
 g - 2 potions of brilliance {unknown}
 h - 2 potions of haste {unknown}
 k - 3 potions of stabbing {unknown}
 l - a potion of mutation {unknown}
 p - a potion of berserk rage {unknown}
 s - 2 potions of flight {unknown}
 t - a potion of might {unknown}
 u - 2 potions of curing
 w - 2 potions of ambrosia {unknown}
 x - a potion of magic {unknown}
 z - a potion of degeneration {unknown}
Comestibles
 c - 14 rations


   Skills:
 + Level 6.6 Fighting
 + Level 5.4 Dodging
 - Level 5.0 Stealth
 + Level 2.9 Shields
 + Level 5.9 Unarmed Combat
 - Level 4.0 Spellcasting
 + Level 5.4 Transmutations
 + Level 4.4 Poison Magic
 - Level 2.5 Invocations


You had 12 spell levels left.
You knew the following spells:

 Your Spells              Type           Power        Failure   Level  Hunger
a - Beastly Appendage     Tmut           ###...       1%          1    None
b - Spider Form           Tmut/Pois      ###.......   7%          3    ###....

Your spell library contained the following spells:

 Spells                   Type           Power        Failure   Level  Hunger
 Sticks to Snakes         Tmut           ###.....     2%          2    ##.....
 Blade Hands              Tmut           ###.......   45%         5    ######.
 Ice Form                 Ice/Tmut       ##......     50%         4    ####...


Dungeon Overview and Level Annotations

Branches:
Dungeon (7/15)             Temple (1/1) D:4

Altars:
Ashenzari
Cheibriados
Dithmenos
Elyvilon
Fedhas
Gozag
Hepliaklqana
Kikubaaqudgha
Makhleb
Nemelex Xobeh
Okawaru
Qazlal
Ru
Sif Muna
Trog
Uskayaw
Vehumet
Wu Jian
Xom
Yredelemnul
Zin
The Shining One


Innate Abilities, Weirdness & Mutations

You cannot wear most types of armour.
You are very stealthy in the water. (Stealth+)
You are amphibious.
You can wear up to eight rings at the same time.
You can use your tentacles to constrict eight enemies at once.
Your skin changes colour to match your surroundings (Stealth+).
Your rubbery body absorbs attacks. (AC +1, EV +1)
One of your tentacles bears a large vicious spike.


Message History

You tentacle-slap the yak.
The yak is severely wounded.
You bludgeon the yak!
You kill the yak!
Okawaru is honoured by your kill.
Okawaru will now gift you ammunition as you gain piety.
You tentacle-slap the yak.
You pierce the yak, but do no damage.
The yak is lightly wounded.
The yak gores you but does no damage.
You bludgeon the yak!
You pierce the yak, but do no damage.
The yak is heavily wounded.
You tentacle-slap the yak.
You pierce the yak.
You squeeze the yak!
The yak is almost dead.
You feel like a meek peon again. The yak gores you!
* * * LOW HITPOINT WARNING * * *
You barely miss the yak.
You pierce the yak.
The yak is almost dead.
The yak gores you!
You die...

♣≈PP## #.##### #.# ≈≈≈≈#
#.....########.# PP.##
##.###.#......#.# ...#
#...........#.#.#
#.#######.#..#.#.########
#.#.........##.#.#%%#..#
..#.#####......#.#%.#Y.#
)......##.######.#.phYY#
..#.##.##.# #@#..#..
..#.......# #Y#..#
######.#### #.#'## #.#
#....# ## #.. #...## .#
### ##### .# .# .#


You could see a yak.

Vanquished Creatures
  2 yaks (D:7)
  A hog (D:7)
  A human (D:7)
  Menkaure (D:7)
  A sky beast (D:7)
  An ice beast (D:7)
  A phantom (D:5)
  8 ogres
  5 bullfrogs
  A gnoll sergeant (D:6)
  2 scorpions (D:7)
  4 crimson imps
  2 centaur zombies
  A quasit (D:5)
  4 hounds
  2 orc priests
  5 orc wizards (D:4)
  Jessica (D:3)
  3 iguanas
  4 worker ants
  2 hound zombies
  8 gnolls
  10 adders
  An ooze (D:5)
  A worm (D:2)
  3 dart slugs
  5 leopard geckos
  22 orcs
  2 giant cockroaches
  8 goblins
  11 hobgoblins
  9 jackals
  5 quokkas
  2 ball pythons
  3 bats
  3 frilled lizards
  6 kobolds
  A leopard gecko skeleton (D:6)
  A quokka zombie (D:5)
  9 rats
162 creatures vanquished.

Notes
Turn   | Place    | Note
-------+----------+-------------------------------------------
     0 | D:1      | shadizar the Octopode Transmuter began the quest for the
                  | Orb.
     0 | D:1      | Reached XP level 1. HP: 13/13 MP: 3/3
   347 | D:1      | Reached skill level 2 in Fighting
   347 | D:1      | Reached XP level 2. HP: 18/19 MP: 5/5
  1059 | D:2      | Reached skill level 3 in Fighting
  1059 | D:2      | Reached XP level 3. HP: 25/26 MP: 6/6
  1109 | D:2      | Found a snail-covered altar of Cheibriados.
  1117 | D:2      | Found a bloodstained altar of Trog.
  1178 | D:2      | Found a stormy altar of Qazlal.
  1179 | D:2      | Found a white marble altar of Elyvilon.
  1179 | D:2      | Found a shimmering blue altar of Sif Muna.
  1180 | D:2      | Found a sacrificial altar of Ru.
  1180 | D:2      | Found an iron altar of Okawaru.
  1181 | D:2      | Found a shattered altar of Ashenzari.
  1183 | D:2      | Found a basalt altar of Yredelemnul.
  1458 | D:2      | Reached XP level 4. HP: 33/33 MP: 5/7
  1520 | D:2      | Became a worshipper of Warmaster Okawaru
  2096 | D:2      | Reached skill level 4 in Fighting
  2404 | D:2      | Learned a level 3 spell: Spider Form
  2763 | D:3      | Reached skill level 1 in Stealth
  2763 | D:3      | Reached skill level 1 in Poison Magic
  2763 | D:3      | Reached XP level 5. HP: 10/37 MP: 8/8
  3251 | D:3      | Noticed Jessica
  3256 | D:3      | Killed Jessica
  3256 | D:3      | Reached skill level 1 in Invocations
  4050 | D:4      | Noticed an ogre
  4168 | D:3      | Reached XP level 6. HP: 20/44 MP: 9/9
  4846 | D:4      | Found a staircase to the Ecumenical Temple.
  4865 | Temple   | Entered the Ecumenical Temple
  5709 | D:4      | Reached XP level 7. HP: 32/49 MP: 10/10
  6751 | D:5      | Entered Level 5 of the Dungeon
  6766 | D:5      | Reached skill level 5 in Fighting
  6802 | D:5      | Reached * piety under Okawaru
  6988 | D:5      | HP: 1/50 [ogre/+0 giant spiked club (15)]
  6991 | D:5      | Reached XP level 8. HP: 1/55 MP: 10/12
  8408 | D:6      | Reached ** piety under Okawaru
  9116 | D:6      | Reached XP level 9. HP: 57/62 MP: 13/15
  9277 | D:6      | Reached skill level 5 in Unarmed Combat
  9419 | D:6      | Reached skill level 5 in Stealth
  9732 | D:7      | Reached skill level 1 in Shields
  9893 | D:7      | Noticed Menkaure
  9901 | D:7      | Killed Menkaure
  9901 | D:7      | Reached skill level 6 in Fighting
 10127 | D:7      | Reached skill level 5 in Dodging
 10127 | D:7      | Reached skill level 5 in Transmutations
 10469 | D:7      | Reached *** piety under Okawaru
 10473 | D:7      | Slain by a yak

Illustrated notes

Levels and vault maps discovered:
D:1:      lemuel_arrival_broad_hall, layout_loops_ring
D:2:      minmay_angry_zag, layout_basic, minitemple, bloody_trog
D:3:      layout_basic, first_ration, uniq_jessica
D:4:      layout_basic, minmay_temple_entry_mist
D:5:      layout_gridville
D:6:      layout_cave_pools, palyth_stone_intersect
D:7:      layout_loops_cross, grunt_livestock, serial_bayou_pond_c,
          uniq_menkaure, uniq_joseph
Temple:   eino_temple_water

Skill      XL: |  1  2  3  4  5  6  7  8  9 |
---------------+----------------------------+-----
Fighting       | 2 3 4 5 6 |  6.6
Stealth        | 1 2 3 4 5 |  5.0
Poison Magic   | 1 2 4 |  4.4
Invocations    | 1 2 |  2.5
Dodging        | 3 4 5 |  5.4
Unarmed Combat | 4 5 |  5.9
Transmutations | 3 4 5 |  5.4
Spellcasting   | 3 4 |  4.0
Shields        | 2 |  2.9

Action                   |  1- 3 |  4- 6 |  7- 9 || total
-------------------------+-------+-------+-------++-------
Melee: Unarmed           |    68 |   148 |   299 ||   515
       Constrict         |    19 |    34 |    52 ||   105
       Tentacles         |    16 |    22 |    69 ||   107
       Punch             |     1 |     2 |    13 ||    16
       Kick              |       |    25 |    32 ||    57
 Cast: Beastly Appendage |     1 |    15 |    11 ||    27
Invok: Heroism           |       |       |     7 ||     7
  Use: Potion            |       |       |     1 ||     1
 Stab: Sleeping          |     6 |     4 |    15 ||    25
  Eat: Chunk             |     2 |    12 |    16 ||    30
Armor: Skin              |     7 |     7 |    16 ||    30
Dodge: Dodged            |    40 |    70 |   171 ||   281
